 Dungeon Crawl Stone Soup version 0.30-a0-535-g2c0b3469a7 (webtiles) character file.

Game seed: 16022922150247736440

9272 Conn the Arsonist (level 11, -3/64 HPs)
             Began as an Octopode Fire Elementalist on Dec 25, 2022.
             Was a Believer of Sif Muna.
             Killed from afar by a swamp worm (4 damage)
             ... with a harpoon shot
             ... on level 1 of the Lair of Beasts.
             The game lasted 00:28:30 (11119 turns).

Conn the Arsonist (Octopode Fire Elementalist)     Turns: 11119, Time: 00:28:31

Health: -3/64      AC:  1    Str:  9    XL:     11   Next: 43%
Magic:  29/32      EV: 13    Int: 21    God:    Sif Muna [**....]
Gold:   673        SH:  0    Dex: 12    Spells: 0/27 levels left

rFire   . . .      SeeInvis .    A - +2 short sword (holy)
rCold   . . .      Faith    .    (no shield)
rNeg    . . .      Spirit   .    (helmet restricted)
rPois   +          Reflect  .    (no amulet)
rElec   .          Harm     .    o - ring of poison resistance
rCorr   .          Rampage  .    k - ring "Kihucri" {rPois MP+9 Slay+3}
Will    .....                    (no ring)
Stlth   ++++                     (no ring)
HPRegen 0.30/turn                (no ring)
MPRegen 0.23/turn                (no ring)
                                 (no ring)
                                 (no ring)

@: no status effects
A: almost no armour, amphibious, 8 rings, camouflage 1, gelatinous body 1,
(nimble swimmer 1), tentacles
a: Renounce Religion, Channel Magic


You were on level 1 of the Lair of Beasts.
You worshipped Sif Muna.
Sif Muna was pleased with you.
You visited 3 branches of the dungeon, and saw 11 of its levels.

You collected 673 gold pieces.

Inventory:

Hand Weapons
 e - a +0 dagger
 A - a +2 short sword of holy wrath (weapon)
Missiles
 f - 45 poisoned darts
Armour
 n - a +1 buckler
Magical Staves
 m - a staff of poison
 F - a staff of air
Jewellery
 k - the ring "Kihucri" (right tentacle) {rPois MP+9 Slay+3}
   (You acquired it on level 3 of the Dungeon)

   [ring of magical power]

   Slay:      It affects your accuracy & damage with ranged weapons and melee
   (+3).
   rPois:     It protects you from poison.
   MP:        It affects your magic capacity (+9).
 o - a ring of poison resistance (left tentacle)
 x - a ring of ice
Wands
 h - a wand of flame (32)
 j - a wand of quicksilver (6)
 w - a wand of roots (4)
 B - a wand of charming (5)
Scrolls
 b - 2 scrolls of fog
 g - a scroll of teleportation
 i - 2 scrolls of blinking
 q - a scroll of magic mapping
 r - 3 scrolls of amnesia
 t - a scroll of silence
 u - 2 scrolls of summoning
 D - a scroll of poison
Potions
 a - 5 potions of magic
 c - 4 potions of might
 d - 2 potions of heal wounds
 l - 3 potions of curing
 p - a potion of flight
 s - a potion of mutation
 v - a potion of cancellation
 z - a potion of attraction {unknown}
 E - a potion of lignification {unknown}
Miscellaneous
 y - a tin of tremorstones (2/2)
 C - a phantom mirror


   Skills:
 + Level 1.9 Fighting
 + Level 2.2 Short Blades
 + Level 2.7 Dodging
 + Level 6.8 Stealth
 + Level 8.8 Spellcasting
 + Level 6.1 Conjurations
 + Level 1.2 Hexes
 * Level 0.4 Summonings
 + Level 2.5 Translocations
 + Level 9.1 Fire Magic
 + Level 3.8 Air Magic
 + Level 4.1 Poison Magic
 * Level 6.4 Invocations
 + Level 0.8 Evocations


You couldn't memorise any spells.
You knew the following spells:

 Your Spells              Type           Power      Damage    Failure   Level
a - Foxfire               Conj/Fire      100%       2x1d9     1%          1
b - Kindle Blastsparks    Fire/Tloc/Air  62%        2d15      2%          3
c - Inner Flame           Hex/Fire       31%        N/A       2%          3
d - Flame Wave            Conj/Fire      41%        2d11      3%          4
e - Scorch                Fire           94%        2d10      1%          2
f - Mephitic Cloud        Conj/Pois/Air  29%        N/A       3%          3
g - Swiftness             Air            25%        N/A       4%          3
h - Airstrike             Air            12%        2d(2-18)  16%         4
i - Summon Ice Beast      Ice/Summ       10%        N/A       56%         4

Your spell library contained the following spells:

 Spells                   Type           Power      Damage    Failure   Level
 Shock                    Conj/Air       100%       1d9       1%          1
 Tukima's Dance           Hex            14%        N/A       13%         3
 Frozen Ramparts          Ice            18%        1d3       22%         3
 Passage of Golubria      Tloc           20%        N/A       26%         4
 Animate Dead             Necr           9%         N/A       58%         4
 Ice Form                 Ice/Tmut       9%         N/A       58%         4
 Yara's Violent Unravell  Hex/Tmut       5%         3d4       85%         5
 Haunt                    Necr/Summ      5%         N/A       100%        7
 Infestation              Necr           4%         N/A       100%        8
 Fire Storm               Conj/Fire      20%        8d5       100%        9
 Animate Armour           Summ/Erth      Unusable   N/A       N/A         4

Dungeon Overview and Level Annotations

Branches:
Dungeon (9/15)             Temple (1/1) D:5            Lair (1/5) D:9
    Orc (0/2) D:9

Altars:
Ashenzari
Cheibriados
Dithmenos
Elyvilon
Fedhas
Gozag
Hepliaklqana
Kikubaaqudgha
Makhleb
Nemelex Xobeh
Qazlal
Sif Muna
Trog
Uskayaw
Wu Jian
Yredelemnul
Zin
The Shining One

Shops:
D:3 [   D:4 [

Annotations:
Lair:1 1 transporter


Innate Abilities, Weirdness & Mutations

You cannot wear most types of armour.
You are amphibious.
You can wear up to eight rings at the same time.
Your skin changes colour to match your surroundings (Stealth+).
Your rubbery body absorbs attacks. (AC +1, EV +1)
((You are camouflaged when in or above water. (Stealth+)))
You have tentacles for arms and can constrict up to eight enemies at once.


Message History

Partly explored, unvisited transporter.
Partly explored, unvisited transporter.
Partly explored, unvisited transporter.
Partly explored, unvisited transporter.
There is a transporter here.
You enter the transporter and appear at another place.
The swamp worm fires a harpoon shot at you.
The harpoon shot misses you.
The swamp worm fires a harpoon shot at you.
The harpoon shot hits you!
You are yanked forward by the harpoon shot.
You collide with the briar patch!
The briar patch is destroyed!
Casting: Scorch (safe; 1% risk of failure)
Confirm with . or Enter, or press ? or * to list all spells.
Okay, then.
Unknown command.
Unknown command.
Okay, then.
Casting: Scorch (safe; 1% risk of failure)
Confirm with . or Enter, or press ? or * to list all spells.
Aiming: Mephitic Cloud (dangerous; 3% risk of failure)
Press: ? - help, Shift-Dir - straight line, f - swamp worm
Aim: a swamp worm (chance to affect: 53%)
The ball explodes into a vile cloud!
The stinking cloud engulfs the swamp worm but does no damage.
The swamp worm fires a harpoon shot at you.
The harpoon shot hits you!!
* * * LOW HITPOINT WARNING * * *
You are yanked forward by the harpoon shot.
You collide with the briar patch!
The briar patch is heavily damaged.
* * * LOW HITPOINT WARNING * * *
The swamp worm is engulfed in noxious fumes.
The swamp worm fires a harpoon shot at you.
The harpoon shot misses you.
The swamp worm is engulfed in noxious fumes.
The swamp worm fires a harpoon shot at you.
The harpoon shot hits you.
You die...

............####+####............
......(.....#w≈P○P§##...<........
..(((.......##§P^P≈w#............
...P........#♣§P^☼###............
(.(.(.......###§^P≈♣#............
..P.........#w§P^P☼##............
............##≈P^P☼w#............
....#.......#♣≈P^.≈##............
....#.......###P@P###............
....#...[.....#####..............
###.#...........§................
.................................
.................................
.................................
...........##.#..#...............
..........##..##.##..#..#+.###...
.##.......##.....#...+.......#...


You could see 3 swamp worms.

Vanquished Creatures
  A hydra (D:9)
  Pikel (D:7)
  A cyclops (D:8)
  A moth of wrath (D:5)
  2 black mambas (Lair:1)
  Maggie (D:6)
  A rime drake (Lair:1)
  A komodo dragon (Lair:1)
  Grinder (D:6)
  2 dream sheep (D:9)
  5 yaks (D:9)
  4 steam dragons
  2 vampire mosquitoes (D:8)
  A warg (D:9)
  3 water moccasins
  2 orc warriors
  Duvessa (D:6)
  A sky beast (D:7)
  4 black bears
  An ogre (D:9)
  3 centaurs
  2 lemures (D:7)
  7 kobold brigands
  3 bullfrogs
  A necrophage (D:6)
  5 scorpions
  A gnoll sergeant (D:9)
  5 wights (D:8)
  Dowan (D:6)
  3 howler monkeys
  An electric eel (D:9)
  4 jellies
  3 hounds
  2 gnoll boudas
  4 orc priests
  2 iguanas
  Crazy Yiuf (D:6)
  4 orc wizards
  A mummy (D:9)
  14 gnolls
  9 adders
  A shadow imp (D:8)
  4 white imps
  2 ufetubi
  4 worms
  4 dart slugs
  20 orcs
  3 bats
  10 endoplasms
  6 giant cockroaches
  11 goblins
  11 hobgoblins
  5 jackals
  5 quokkas
  6 ball pythons
  2 frilled lizards
  18 kobolds
  5 rats
  A spectral orc (D:6)
230 creatures vanquished.

Vanquished Creatures (collateral kills)
  7 foxfires
7 creatures vanquished.

Vanquished Creatures (others)
  A human (D:5)
  A briar patch (Lair:1)
  763 foxfires
  22 plants
787 creatures vanquished.

Grand Total: 1024 creatures vanquished

Notes
Turn   | Place    | Note
-------+----------+-------------------------------------------
     0 | D:1      | Conn the Octopode Fire Elementalist began the quest for the
                  | Orb.
     0 | D:1      | Reached XP level 1. HP: 11/11 MP: 3/3
   233 | D:1      | Reached XP level 2. HP: 17/17 MP: 0/5
   499 | D:1      | Reached XP level 3. HP: 21/21 MP: 2/6
   670 | D:1      | Found a faded altar of an unknown god.
  1456 | D:2      | Learned a level 2 spell: Scorch
  1460 | D:2      | Learned a level 3 spell: Inner Flame
  1492 | D:2      | Reached skill level 4 in Fire Magic
  1708 | D:2      | Reached XP level 4. HP: 27/27 MP: 3/7
  2189 | D:3      | You fall into a shaft and drop 3 floors!
  2192 | D:6      | Got Lehudib's Precepts of Flinty Conjuration
  2206 | D:6      | Reached XP level 5. HP: 25/31 MP: 5/9
  2264 | D:6      | Noticed Duvessa
  2264 | D:6      | Noticed Dowan
  2276 | D:6      | Noticed Grinder
  2287 | D:6      | Killed Grinder
  2288 | D:6      | Reached skill level 1 in Fighting
  2288 | D:6      | Reached skill level 1 in Short Blades
  2288 | D:6      | Reached XP level 6. HP: 38/38 MP: 4/11
  2363 | D:6      | Noticed Maggie
  2375 | D:5      | Entered Level 5 of the Dungeon
  2404 | D:6      | Learned a level 3 spell: Kindle Blastsparks
  2483 | D:6      | Killed Maggie
  2484 | D:6      | Reached skill level 5 in Fire Magic
  2484 | D:6      | Reached XP level 7. HP: 43/43 MP: 3/13
  2521 | D:6      | Reached skill level 5 in Stealth
  2688 | D:5      | Found an ancient bone altar of Kikubaaqudgha.
  2692 | D:5      | Noticed a human
  2699 | D:5      | Killed a human
  2743 | D:5      | Reached XP level 8. HP: 48/48 MP: 0/15
  3368 | D:5      | Noticed a moth of wrath
  3371 | D:5      | Found a bloodstained altar of Trog.
  3677 | D:5      | Killed a moth of wrath
  3678 | D:5      | Reached skill level 5 in Spellcasting
  3678 | D:5      | Reached skill level 6 in Fire Magic
  4096 | D:4      | Learned a level 4 spell: Flame Wave
  4100 | D:4      | Learned a level 3 spell: Mephitic Cloud
  4103 | D:4      | Found a broken altar of Ashenzari.
  4216 | D:4      | Found Vonokhla's Antique Armour Emporium.
  4359 | D:4      | Found a burning altar of Makhleb.
  4446 | D:4      | Reached skill level 1 in Air Magic
  4650 | D:4      | Reached XP level 9. HP: 53/53 MP: 14/17
  5059 | D:3      | Found Ritoupavu's Antique Armour Emporium.
  5225 | D:3      | Identified a scroll of acquirement
  5225 | D:3      | Acquired the ring "Kihucri" {rPois MP+9 Slay+3}
  5558 | D:5      | Found a staircase to the Ecumenical Temple.
  5564 | Temple   | Entered the Ecumenical Temple
  5618 | Temple   | Became a worshipper of Sif Muna the Loreminder
  5726 | D:5      | Reached skill level 1 in Poison Magic
  5813 | D:6      | Learned a level 3 spell: Swiftness
  6069 | D:6      | Reached skill level 1 in Translocations
  6100 | D:6      | Found an ornate altar of the Wu Jian Council.
  6219 | D:6      | Killed Dowan
  6219 | D:6      | Killed Duvessa
  6355 | D:6      | Reached skill level 1 in Invocations
  6396 | D:6      | Found a basalt altar of Yredelemnul.
  6543 | D:6      | Found a runed translucent door.
  6544 | D:6      | Noticed Crazy Yiuf
  6551 | D:6      | Killed Crazy Yiuf
  6639 | D:7      | Reached skill level 7 in Fire Magic
  6937 | D:7      | Reached * piety under Sif Muna
  6937 | D:7      | Noticed Pikel
  7355 | D:7      | Killed Pikel
  7356 | D:7      | Reached XP level 10. HP: 59/59 MP: 18/20
  7617 | D:7      | Found a sparkling altar of Nemelex Xobeh.
  7896 | D:8      | Reached skill level 1 in Hexes
  8097 | D:8      | Noticed a cyclops
  8115 | D:8      | Killed a cyclops
  8195 | D:8      | Found a blossoming altar of Fedhas.
  8394 | D:9      | Found an opulent altar of Gozag.
  8411 | D:9      | Reached skill level 8 in Fire Magic
  8561 | D:9      | Found a staircase to the Orcish Mines.
  8570 | D:9      | Reached skill level 5 in Invocations
  8570 | D:9      | Reached ** piety under Sif Muna
  8579 | D:9      | Reached skill level 5 in Conjurations
  8908 | D:9      | Found a shadowy altar of Dithmenos.
  8955 | D:9      | Found a snail-covered altar of Cheibriados.
  9193 | D:9      | Found a staircase to the Lair.
  9242 | D:9      | Reached XP level 11. HP: 63/64 MP: 19/23
  9243 | D:9      | Noticed a two-headed hydra
  9249 | D:9      | Killed a two-headed hydra
 10057 | D:9      | Found a white marble altar of Elyvilon.
 10176 | Lair:1   | Entered Level 1 of the Lair of Beasts
 10184 | Lair:1   | Learned a level 4 spell: Airstrike
 10381 | Lair:1   | Found a transporter.
 10410 | Lair:1   | Identified the +3 leather armour "Kicrek" {Fly}
 10464 | Lair:1   | Found a transporter.
 10716 | Lair:1   | Reached skill level 9 in Fire Magic
 10780 | Lair:1   | Learned a level 4 spell: Summon Ice Beast
 11119 | Lair:1   | HP: 1/64 [briar patch collision (17)]
 11119 | Lair:1   | Killed from afar by a swamp worm

Illustrated notes

Levels and vault maps discovered:
D:1:      kennysheep_arrival_seaside, layout_loops_ring,
          hellmonk_ecumenical_altar_inner_sanctum
D:2:      layout_basic, nicolae_figureground_sparkle
D:3:      layout_basic, serial_shops, nicolae_shop_waterfront
D:4:      cheibrodos_barr_body, layout_basic, bloody_makhleb,
          kennysheep_little_box, serial_shops, nicolae_stop_n_shop_1,
          hangedman_decor_points
D:5:      layout_cave_pods, tgw_kikubaaqudgha, tgw_trog,
          minmay_temple_entry_enclosed_plants
D:6:      layout_loops_ring, marbit_many_paths,
          yredelemnul_forgotten_temple_becter, uniq_duvessa, uniq_grinder,
          uniq_crazy_yiuf_cottage, uniq_maggie
D:7:      layout_cave_pools, mainiacjoe_overflow_small_starburst, uniq_pikel
D:8:      layout_rooms, fedhas_altar_3, amcnicky_mini_corridor_feature
D:9:      layout_loops_ring, slow_altar_1, grunt_dithmenos_smoke_and_mirrors,
          mainiacjoe_overflow_surrounded_room, nicolae_elyvilon_temple_path,
          erik_orc_3, hangedman_glass_teeth, hangedman_ranch
Temple:   nicolae_temple_superstar
Lair:1:   gammafunk_worm_tunnel, layout_regular_city, st_stairs_4,
          chequers_serial_rivers_micro_e, serial_bayou_lagoon_a,
          lemuel_fruit_tree

Skill      XL: |  1  2  3  4  5  6  7  8  9 10 11 |
---------------+----------------------------------+-----
Fire Magic     | 4 5 6 7 8 9 |  9.1
Stealth        | 3 4 5 6 |  6.8
Fighting       | 1 |  1.9
Short Blades   | 1 2 |  2.2
Spellcasting   | 3 4 5 6 8 |  8.8
Conjurations   | 2 3 4 5 6 |  6.1
Air Magic      | 1 3 |  3.8
Poison Magic   | 4 |  4.1
Translocations | 2 |  2.5
Invocations    | 3 5 6 |  6.4
Hexes          | 1 |  1.2
Dodging        | |  2.7
Summonings     | |  0.4
Evocations     | |  0.8

Action                   |  1- 3 |  4- 6 |  7- 9 | 10-12 || total
-------------------------+-------+-------+-------+-------++-------
Melee: Unarmed           |     5 |       |       |       ||     5
       Constrict         |     7 |     5 |     9 |     4 ||    25
       Tentacles         |     6 |     4 |    10 |     6 ||    26
       Dagger            |    20 |    13 |    38 |     4 ||    75
       Punch             |     2 |     1 |       |       ||     3
       Short sword       |       |       |       |     9 ||     9
 Cast: Foxfire           |    53 |    14 |   197 |   182 ||   446
       Scorch            |       |     7 |    42 |    40 ||    89
       Inner Flame       |       |     1 |     7 |     9 ||    17
       Mephitic Cloud    |       |       |     4 |     2 ||     6
       Flame Wave        |       |       |     2 |     5 ||     7
       Kindle Blastspark |       |       |     1 |       ||     1
Evoke: Wand              |       |     3 |     2 |       ||     5
  Use: Scroll            |    10 |     3 |     5 |     3 ||    21
       Potion            |       |       |     1 |     1 ||     2
 Stab: Sleeping          |     4 |     4 |     8 |     2 ||    18
Armor: Skin              |     2 |       |     1 |     1 ||     4
Dodge: Dodged            |    24 |     9 |    47 |    37 ||   117

Table legend: (Time is in decaauts)
 A = Elapsed time spent in this place.
 B = Non-inter-level travel time spent in this place.
 C = Inter-level travel time spent in this place.
 D = Time resting spent in this place.
 E = Time spent auto-exploring this place.
 F = Levels seen in this place.
 G = Mean time per level.
                   A        B        C        D        E       F      G
               +--------+--------+--------+--------+--------+-----+--------+
         Total |  11111 |  10779 |    332 |    724 |   7464 |  11 | 1010.1 |
       Dungeon |  10089 |   9783 |    306 |    724 |   6757 |   9 | 1121.0 |
        Temple |     79 |     54 |     25 |      0 |     30 |   1 |   79.0 |
          Lair |    942 |    942 |      0 |      0 |    677 |   1 |  942.0 |
               +--------+--------+--------+--------+--------+-----+--------+

Top non-repeatable levels by time:
     D:9: 1784 daAuts
     D:5: 1537 daAuts
     D:6: 1413 daAuts
     D:4: 1213 daAuts
     D:1: 1126 daAuts
  Lair:1: 942 daAuts
     D:7: 911 daAuts
     D:2: 741 daAuts
     D:8: 684 daAuts
     D:3: 676 daAuts
  Temple: 79 daAuts
